 Dungeon Crawl Stone Soup version 0.29.0 (webtiles) character file.

Game seed: 1410517368588280962

99 NinjaNoafa the Caller (level 4, 0/18 HPs)
             Began as a Felid Summoner on Aug 24, 2022.
             Shot with a sling bullet by a goblin (6 damage)
             ... on level 3 of the Dungeon.
             The game lasted 00:08:01 (3418 turns).

NinjaNoafa the Caller (Felid Summoner)              Turns: 3418, Time: 00:08:02

Health: 0/18       AC:  1    Str:  4    XL:     4   Next: 45%
Magic:  16/18      EV: 17    Int: 18    God:
Gold:   122        SH:  0    Dex: 16    Spells: 6/9 levels left
                                        Lives:  0   Deaths: 1

rFire   . . .      SeeInvis +   (weapon unavailable)
rCold   . . .      Faith    .   (shield unavailable)
rNeg    . . .      Spirit   .   (body armour unavailable)
rPois   .          Reflect  .   (helmet unavailable)
rElec   .          Harm     .   (cloak unavailable)
rCorr   .          Rampage  .   (gloves unavailable)
Will    .....                   (boots unavailable)
Stlth   ++........              (no amulet)
HPRegen 0.06/turn               b - ring of magical power
MPRegen 0.16/turn               (no ring)

@: quick
A: very small, claws 1, fangs 3, see invisible, speed 1, shaggy fur 1, stealthy
paws, no weapons or thrown items, no armour, multi-lived
a: no special abilities


You were on level 3 of the Dungeon.
You visited 1 branch of the dungeon, and saw 3 of its levels.

You collected 122 gold pieces.

Inventory:

Jewellery
 b - a ring of magical power (left paw)
 l - a ring of fire
Scrolls
 c - 4 scrolls of identify {unknown}
 d - 2 scrolls of amnesia {unknown}
 e - 2 scrolls of teleportation {unknown}
 g - 2 scrolls of blinking {unknown}
 i - a scroll of noise {unknown}
 m - a scroll of magic mapping {unknown}
Potions
 a - a potion of magic
 f - 2 potions of haste {unknown}
 h - a potion of lignification {unknown}
 j - 2 potions of mutation {unknown}
 k - 3 potions of curing {unknown}


   Skills:
 - Level 3.0 Dodging
 - Level 3.0 Stealth
 - Level 3.0 Spellcasting
 + Level 1.0 Conjurations
 - Level 5.5 Summonings


You had 6 spell levels left.
You knew the following spells:

 Your Spells              Type           Power      Damage    Failure   Level
a - Summon Small Mammal   Summ           88%        N/A       1%          1
b - Call Imp              Summ           22%        N/A       2%          2

Your spell library contained the following spells:

 Spells                   Type           Power      Damage    Failure   Level
 Call Canine Familiar     Summ           22%        N/A       4%          3
 Magic Dart               Conj           24%        1d4       11%         1
 Searing Ray              Conj           12%        2d4       16%         2
 Summon Guardian Golem    Hex/Summ       12%        N/A       16%         3
 Summon Lightning Spire   Summ/Air       12%        N/A       45%         4
 Fulminant Prism          Conj/Hex       2%         3d6       78%         4


Dungeon Overview and Level Annotations

Branches:
Dungeon (3/15)

Altars:


Innate Abilities, Weirdness & Mutations

You have sharp claws.
You have razor-sharp teeth.
You have supernaturally acute eyesight. (SInv)
You cover ground quickly. (Speed+)
You are covered in fur. (AC +1)
Your paws help you pounce on unaware monsters.
You are incapable of wielding weapons or throwing items.
You cannot wear armour.
You gain extra lives every three experience levels.


Message History

Your crimson imp disappears in a puff of smoke!
Your quokka disappears in a puff of smoke!
Your quokka disappears in a puff of smoke!
You now have 122 gold pieces (gained 9).
Things that are here:
a +0 dagger; a goblin corpse; a hobgoblin corpse A goblin comes into view.
It is wielding a +0 sling.
Found an escape hatch in the floor.
Casting: Summon Small Mammal (safe; 1% risk of failure)
Confirm with . or Enter, or press ? or * to list all spells.
A beastly little devil appears in a puff of flame.
The goblin shouts!
The goblin shoots a sling bullet.
The sling bullet closely misses you.
The goblin shoots a sling bullet.
The sling bullet closely misses you.
The goblin shoots a sling bullet.
The sling bullet hits you.
Your crimson imp blinks!
The goblin shoots a sling bullet.
The sling bullet misses you.
You swap places.
The goblin shoots a sling bullet.
The sling bullet hits your crimson imp.
The goblin shoots a sling bullet.
The sling bullet closely misses your crimson imp.
The sling bullet misses you.
The goblin shoots a sling bullet.
The sling bullet hits your crimson imp but does no damage.
Your crimson imp blinks!
The goblin shoots a sling bullet.
The sling bullet completely misses you.
Casting: Call Imp (safe; 2% risk of failure)
Confirm with . or Enter, or press ? or * to list all spells.
The goblin shoots a sling bullet.
The sling bullet hits you!
Your crimson imp blinks!
Casting: Summon Small Mammal (safe; 1% risk of failure)
Confirm with . or Enter, or press ? or * to list all spells.
The goblin shoots a sling bullet.
The sling bullet barely misses you.
Your bat barely misses the goblin.
The goblin shoots a sling bullet.
The sling bullet hits your bat.
Your bat hits the goblin.
The goblin shoots a sling bullet.
The sling bullet misses you.
Your bat completely misses the goblin.
The goblin shoots a sling bullet.
The sling bullet hits you.
You die...

#.# ##.####### #.
#.# #..5..~≈# ..
#.# #......≈# ###
.. #....~≈≈###
##.#
#.(..rbg'>#####...
#.....≈≈###'......
#....~.≈##.####...
#.....≈≈#### ##.#
#@####### ##.
........# #.
###.##### #. #. #.
#. #. #. #.


You could see a goblin (ally target), a friendly crimson imp (summoned), a
friendly quokka (summoned) and a friendly bat (summoned).

Vanquished Creatures
  A bat (D:3)
1 creature vanquished.

Vanquished Creatures (collateral kills)
  An orc priest (D:3)
  Natasha (D:2)
  3 adders
  2 worms
  2 dart slugs
  4 orcs
  4 ball pythons
  3 bats
  4 endoplasms
  3 giant cockroaches
  6 hobgoblins
  A quokka (D:1)
  2 frilled lizards
  5 goblins
  5 kobolds
  A rat (D:1)
47 creatures vanquished.

Grand Total: 48 creatures vanquished

Notes
Turn   | Place    | Note
-------+----------+-------------------------------------------
     0 | D:1      | NinjaNoafa the Felid Summoner began the quest for the Orb.
     0 | D:1      | Reached XP level 1. HP: 7/7 MP: 4/4
   412 | D:1      | Reached XP level 2. HP: 3/11 MP: 3/6
   784 | D:1      | Learned a level 2 spell: Call Imp
  1331 | D:2      | Reached skill level 5 in Summonings
  1331 | D:2      | Reached XP level 3. HP: 11/14 MP: 3/7
  1418 | D:2      | Found a faded altar of an unknown god.
  1988 | D:2      | Noticed Natasha
  2006 | D:2      | Killed Natasha
  2007 | D:2      | Reached XP level 4. HP: 17/18 MP: 3/9
  2546 | D:3      | Killed from afar by an orc priest
  2547 | D:3      | Reached XP level 3. HP: -3/14 MP: 3/8
  2803 | D:3      | Reached XP level 4. HP: 7/18 MP: 9/9
  3354 | D:3      | Reached skill level 1 in Conjurations
  3418 | D:3      | Shot with a sling bullet by a goblin

Illustrated notes

Levels and vault maps discovered:
D:1:      saegor_arrival_miasma, layout_loops_ring
D:2:      layout_loops_ring, hellmonk_ecumenical_altar_arch_garden,
          kennysheep_flooded_box, uniq_natasha
D:3:      layout_loops_corners, minmay_goblin_outpost

Skill      XL: |  1  2  3  4 |
---------------+-------------+-----
Summonings     | 5 |  5.5
Spellcasting   | 3 |  3.0
Stealth        | 3 |  3.0
Dodging        | 3 |  3.0
Conjurations   | 1 |  1.0

Action                   |  1- 3 |  4- 6 || total
-------------------------+-------+-------++-------
Melee: Unarmed           |    12 |       ||    12
       Bite              |     2 |       ||     2
 Cast: Summon Small Mamm |    48 |    19 ||    67
       Call Imp          |    17 |    12 ||    29
Armor: Skin              |     5 |       ||     5
Dodge: Dodged            |    36 |    11 ||    47
